 Dungeon Crawl Stone Soup version 0.21.0-3-g78d12a8bdd (webtiles) character file.

1853933 rabbit the Conqueror (level 27, 199/199 HPs)
             Began as a Gargoyle Berserker on Jan 15, 2018.
             Was the Champion of Trog.
             Escaped with the Orb
             ... and 4 runes!
             The game lasted 08:05:15 (118629 turns).

rabbit the Conqueror (Gargoyle Berserker)         Turns: 118629, Time: 08:05:16

Health: 199/199    AC: 64    Str: 27 (30) XL:     27
Magic:  26/26      EV: 17    Int: 10 (12) God:    Trog [******]
Gold:   8223       SH: 31    Dex: 13      Spells: 30/30 levels left

rFire    + + +     SeeInvis +   a - +9 demon whip (elec)
rCold    + + .     Gourm    .   H - +5 shield {reflect}
rNeg     + . .     Faith    .   w - +0 gold dragon scales
rPois    ∞         Spirit   .   g - +2 hat of the Blessed Realm {rPois rF+}
rElec    +         Reflect  +   N - +2 cloak {MR+}
rCorr    .         Harm     .   x - +2 pair of gloves {archery}
MR       +++++     Clarity  +   L - +2 pair of boots "Qaenu Duju" {rF+}
Stlth    ..........             I - +5 amulet of reflection
HPRegen  0.43/turn              C - ring "Mik Ykit" {rC+ Dex+2}
MPRegen  0.20/turn              K - ring of Attitude {rF+ MR+}

@: flying
A: big wings, large bone plates 1, molten scales 1, camouflage 1, see invisible,
clarity, clever 1, deterioration 1, magic resistance 1, negative energy
resistance 1, electricity resistance, unbreathing, petrification resistance, rot
immunity, AC +20
0: Orb of Zot
}: 4/15 runes: decaying, slimy, silver, gossamer
a: Stop Flying, Berserk, Trog's Hand, Brothers in Arms, Burn Spellbooks,
Renounce Religion


You escaped.
You worshipped Trog.
Trog was exalted by your worship.
You were hungry.

You visited 13 branches of the dungeon, and saw 65 of its levels.
You visited the Abyss 1 time.
You also visited: Sewer.

You collected 11668 gold pieces.
You spent 3445 gold pieces at shops.

Inventory:

Hand Weapons
 a - a +9 demon whip of electrocution (weapon)
 b - the +5 hunting sling of Hiexzuisaa {venom, rPois rC+ rN+ SInv}
   (You bought it in a shop on level 4 of the Dungeon)

   It poisons the ammo it fires.
   It protects you from cold.
   It protects you from poison.
   It protects you from negative energy.
   It lets you see invisible.
 q - the +6 mace of Ohiohaim {freeze, rF+ rC+ Str+2}
   (You found it on level 1 of the Abyss)

   It has been specially enchanted to freeze those struck by it, causing extra
   injury to most foes and up to half again as much damage against particularly
   susceptible opponents.
   It can also slow down cold-blooded creatures.
   It affects your strength (+2).
   It protects you from fire.
   It protects you from cold.
 U - a +4 antimagic eveningstar
Missiles
 d - 299 sling bullets
 Y - 5 silver tomahawks (quivered)
Armour
 g - the +2 hat of the Blessed Realm (worn) {rPois rF+}
   (You found it on level 1 of the Crypt)

   It protects you from fire.
   It protects you from poison.
 u - a +3 large shield of reflection {XL27}
 w - +0 gold dragon scales (worn)
 x - a +2 pair of gloves of archery (worn)
 H - a +5 shield of reflection (worn)
 L - the +2 pair of boots "Qaenu Duju" (worn) {rF+}
   (You found it on level 4 of the Lair of Beasts)

   It protects you from fire.
 N - a +2 cloak of magic resistance (worn)
Jewellery
 i - an uncursed ring of resist corrosion
 v - an uncursed ring of protection from cold
 C - the ring "Mik Ykit" (left hand) {rC+ Dex+2}
   (You took it off an ogre mage on level 2 of the Vaults)

   [ring of protection from cold]

   It affects your dexterity (+2).
   It protects you from cold.
 I - a +5 amulet of reflection (around neck)
 J - the ring of Arrival {Wiz rN+ Str+2}
   (You took it off a vault warden on level 5 of the Vaults)

   [ring of wizardry]

   It improves your spell success rate.
   It affects your strength (+2).
   It protects you from negative energy.
 K - the ring of Attitude (right hand) {rF+ MR+}
   (You found it on level 3 of the Crypt)

   [ring of protection from fire]

   It protects you from fire.
   It affects your resistance to hostile enchantments.
 P - a cursed -3 ring of intelligence
 Z - a +4 ring of protection
Wands
 k - a wand of flame (71)
 o - a wand of polymorph (112)
 p - a wand of scattershot (4)
 z - a wand of paralysis (67)
 A - a wand of disintegration (38)
 B - a wand of clouds (13)
 F - a wand of iceblast (85)
 G - a wand of digging (18)
 S - a wand of acid (40)
Scrolls
 f - 4 scrolls of identify
 h - 16 scrolls of fear
 l - 33 scrolls of remove curse
 m - 13 scrolls of fog
 t - 6 scrolls of teleportation
 y - a scroll of enchant weapon
 D - 9 scrolls of blinking
 M - 3 scrolls of summoning
 Q - 2 scrolls of magic mapping
 R - 9 scrolls of holy word
Potions
 e - 3 potions of invisibility
 j - 6 potions of agility
 n - 18 potions of curing
 s - a potion of magic
 E - 3 potions of brilliance
 O - 4 potions of resistance
 T - 5 potions of cancellation
 W - 6 potions of haste
 X - a potion of might
Comestibles
 c - 39 rations


   Skills:
 O Level 27 Fighting
 + Level 23.9 Maces & Flails
 O Level 27 Armour
 + Level 20.9 Dodging
 + Level 21.5 Shields
 - Level 2.2 Spellcasting


You had 30 spell levels left.
You didn't know any spells.

Dungeon Overview and Level Annotations

Branches:
Dungeon (15/15)            Temple (0/1) D:6            Lair (6/6) D:9
  Swamp (4/4) Lair:2       Spider (4/4) Lair:3        Slime (5/5) Lair:6
    Orc (2/2) D:12            Elf (3/3) Orc:2        Vaults (5/5) D:13
  Crypt (3/3) Vaults:2       Tomb (0/3) Crypt:3      Depths (5/5) D:15
   Hell (1/1)                 Dis (0/7) Hell            Geh (7/7) Hell
    Coc (0/7) Hell            Tar (0/7) Hell            Zot (5/5) Depths:5

Altars:
Dithmenos
Elyvilon
Fedhas
Gozag
Hepliaklqana
Kikubaaqudgha
Makhleb
Okawaru
Qazlal
Ru
Trog
Vehumet
Wu Jian
Yredelemnul
Zin
The Shining One
Beogh
Jiyva
Lugonu

Shops:
D:4 (:}   D:7 *   D:12 *   D:14 ?   Orc:1 (   Orc:2 (*:!   Elf:1 ?   Elf:3 *
Vaults:1 *   Vaults:2 *   Vaults:4 *   Vaults:5 [   Depths:3 %   Depths:4 [*=
Depths:5 (

Portals:
Hell: Depths:1 Depths:2 Depths:3 Depths:4 Depths:5
Abyss: Depths:2 Depths:4 Depths:5
Pandemonium: Orc:2 Depths:1 Depths:2 Depths:3 Depths:5
Ziggurat: Depths:4
Trove: Depths:3 (give Incunabulum of Fiery Creation)

Annotations:
Lair:2 exclusions: ice statue and 2 oklob plants
Swamp:3 Lernaean hydra
Depths:4 exclusion: obsidian statue


Innate Abilities, Weirdness & Mutations

You are resistant to torment.
Your stone body is resilient. (AC +20)
You are immune to poison.
Your large and strong wings let you fly indefinitely.
You resist negative energy. (rN+)
You are resistant to electric shocks. (rElec)
You can survive without breathing.
You are immune to petrification.
You are immune to rotting.
You are partially covered in large bone plates. (SH +4)
You are partially covered in molten scales. (AC +2)
Your skin changes colour to match your surroundings (Stealth+).
You have supernaturally acute eyesight. (SInv)
You possess an exceptional clarity of mind.
Your mind is acute. (Int +2)
Your body sometimes deteriorates upon taking damage.
You are resistant to hostile enchantments. (MR+)


Message History

You whack the Orb Guardian!
The Orb Guardian is severely wounded.
You thrash the Orb Guardian!!
The Orb Guardian is almost dead.
You block the Orb Guardian's attack.
You barely miss the Orb Guardian.
The Orb Guardian is almost dead.
You block the Orb Guardian's attack.
You barely miss the Orb Guardian.
The Orb Guardian is almost dead.
You punish the Orb Guardian, causing immense pain!!!
You kill the Orb Guardian!
Trog accepts your kill.
You feel your strength returning.
No target in view!
No target in view!
No target in view!
There is a staircase leading out of the dungeon here.
You can't go down here!
You have escaped!

.####............................
>#########.##.........##########.
.........#......####....### #.
.#######............#.#...### #.
.# #####.######.#...###...#####
.### #.....# #......####...###
...###.###.# ##.#.#...........
.......# #.#######..#########....
######.###.##...@#....## ##### #
#....##.....#.....##
###..#.....###.....# ####.....#
#.....## ###### ####### #.....##
##.....# #..... ......# #.....#
#.....###..... ......####.....#
#.....#....... ......##.#.....##
##.....###..... .........##.....#
#.....## #.....


There were no monsters in sight!

Vanquished Creatures
  Khufu (Crypt:1)
  4 orbs of fire
  8 ancient liches
  2 greater mummies (Crypt:1)
  Sojobo (Depths:4)
  Boris (Crypt:3)
  Frederick (Depths:4)
  A curse toe (Zot:4)
  Xtahua (Vaults:2)
  4 Killer Klowns
  Geryon (Hell)
  9 golden dragons
  Jory (Crypt:1)
  3 bone dragons
  4 electric golems
  7 Brimstone Fiends
  Jorgrun (Elf:3)
  17 tentacled monstrosities
  9 liches
  Rupert (D:12)
  27 Orb Guardians
  2 titans
  2 deep elf blademasters (Elf:3)
  23 acid blobs
  4 quicksilver dragons
  An eldritch tentacle (Depths:3)
  9 sphinxes
  Frances (Swamp:2)
  5 ancient champions
  Kirke (Lair:6)
  The ghost of MalkierKing the Severer, an adept MiBe of Trog (Spider:1)
  A tentacled starspawn (Abyss:2)
  7 death cobs
  14 shadow dragons
  Gastronok (Lair:2)
  4 thorn hunters
  11 storm dragons
  8 tengu reavers
  4 revenants
  6 draconian monks
  Aizul (Vaults:1)
  13 azure jellies
  8 frost giants
  15 fire giants
  7 ghost moths
  3 draconian knights
  10 draconian scorchers
  An orc warlord (Vaults:3)
  25 vault wardens
  8 deep elf sorcerers
  8 emperor scorpions
  A balrug (Hell)
  4 iron dragons
  A caustic shrike zombie (Depths:1)
  8 ghouls
  A curse skull (Crypt:3)
  A caustic shrike skeleton (Crypt:2)
  6 draconian shifters
  A spriggan defender (Depths:4)
  7 draconian stormcallers (Zot:1)
  14 ironheart preservers
  5 reapers (Hell)
  8 deep elf elementalists
  6 war gargoyles
  3 draconian annihilators
  5 vampire knights
  10 purple draconians
  23 stone giants
  8 very ugly things
  3 entropy weavers
  5 deep elf demonologists
  9 black draconians
  6 white draconians
  10 green draconians
  6 spark wasps
  7 red draconians
  12 yellow draconians
  2 dire elephants (Lair:6)
  10 deep elf annihilators
  6 deep elf death magi
  9 ettins
  3 eidola
  3 blizzard demons
  2 mummy priests
  8 deep elf high priests
  A green death (Hell)
  17 fire dragons
  A crystal guardian (Vaults:1)
  7 death oozes (Slime:5)
  Josephine (Spider:1)
  13 yaktaur captains
  Fannar (Lair:3)
  14 ogre magi
  14 great orbs of eyes
  5 rakshasas
  5 spriggan air magi
  18 hydras
  13 ice dragons
  2 hell beasts
  2 ghost crabs
  A caustic shrike simulacrum (Depths:5)
  Erolcha (D:12)
  A juggernaut simulacrum (Depths:1)
  A monstrous demonspawn (Depths:3)
  2 quicksilver dragon skeletons
  35 vault guards
  5 catoblepae
  48 two-headed ogres
  9 centaur warriors
  A death yak (shapeshifter) (Vaults:3)
  8 tengu warriors
  15 alligators
  2 death knights (Vaults:4)
  A titan zombie (Hell)
  A two-headed ogre (shapeshifter) (Vaults:4)
  24 dancing weapons
  6 deep troll shamans
  3 death yaks (Lair:6)
  4 vampire magi
  14 hell hogs
  Urug (D:12)
  5 deep troll earth magi
  10 orc high priests
  10 spriggan berserkers
  2 wretched stars (Abyss:2)
  6 soul eaters
  40 hell knights
  6 large abominations
  A storm dragon zombie (Geh:4)
  17 deep elf knights
  6 sun demons (Hell)
  4 shadow wraiths
  A spatial maelstrom (Abyss:1)
  A fire crab (Lair:6)
  2 titan skeletons
  30 skeletal warriors
  A sixfirhy (Orc:2)
  3 iron trolls
  2 storm dragon skeletons
  2 glowing orange brains
  A salamander mystic (Depths:1)
  10 flayed ghosts
  2 golden dragon zombies
  A shambling mangrove (Swamp:4)
  An infernal demonspawn (Orc:2)
  3 spriggan druids
  13 swamp dragons
  4 unseen horrors
  2 anaconda skeletons
  4 torturous demonspawn
  17 ironbrand convokers
  2 lindwurms (Lair:6)
  3 shadow dragon zombies
  15 deep trolls
  27 phantasmal warriors
  19 deep elf archers
  An orange crystal statue (Elf:2)
  2 golden dragon skeletons (Geh:6)
  13 wizards
  14 orb spiders
  25 orc knights
  4 harpies (Vaults:2)
  30 wolf spiders
  84 deep elf magi
  20 necromancers
  A mana viper (shapeshifter) (Vaults:5)
  44 ugly things
  2 fire giant zombies
  5 orc sorcerers (Orc:2)
  3 worldbinders
  6 cyclopes
  4 shining eyes
  25 moths of wrath
  2 oklob plants (Lair:2)
  3 frost giant zombies
  A stone giant zombie (Geh:4)
  9 manticores
  2 salamanders (Depths:1)
  A shock serpent zombie (Crypt:2)
  A sphinx skeleton (Crypt:2)
  5 black mambas
  14 elephants
  4 frost giant skeletons
  A water nymph (shapeshifter) (Elf:1)
  11 fire giant skeletons
  19 vault sentinels
  A titan simulacrum (Depths:2)
  2 stone giant skeletons
  3 eyes of devastation
  A molten gargoyle (Geh:7)
  Maurice (Orc:1)
  4 rust devils
  6 smoke demons
  3 orange demons
  20 spiny frogs
  2 naga magi (Depths:3)
  7 gargoyles
  A shock serpent skeleton (Crypt:1)
  A spiny frog (shapeshifter) (Vaults:1)
  A storm dragon simulacrum (Depths:2)
  An elf skeleton (Depths:2)
  2 torpor snails
  2 dire elephant skeletons
  A spriggan skeleton (Depths:2)
  9 komodo dragons
  4 efreet
  5 kobold demonologists
  9 hellions
  A green draconian zombie (Crypt:1)
  4 ice devils
  A rime drake (Lair:2)
  7 small abominations
  2 tormentors
  A komodo dragon (shapeshifter) (Depths:1)
  5 guardian mummies
  A grey draconian skeleton (Crypt:2)
  A golden dragon simulacrum (Hell)
  4 hydra zombies
  49 yaktaurs
  6 hellwings
  7 red devils
  A death yak skeleton (Crypt:1)
  A pale draconian skeleton (Crypt:2)
  3 ancient zymes
  11 freezing wraiths
  5 meliai
  5 tengu conjurers
  13 demonic crawlers
  5 trolls
  2 blink frogs (shapeshifter)
  4 harpy skeletons
  6 tyrant leeches
  24 jumping spiders
  A shadow dragon simulacrum (Hell)
  85 slime creatures
  11 polar bears
  A tengu simulacrum (Depths:2)
  16 hornets
  34 blink frogs
  5 ettin zombies
  3 hydra skeletons
  11 bog bodies
  5 raiju
  5 dream sheep
  A stone giant simulacrum (Vaults:1)
  3 fire dragon zombies
  2 ice dragon zombies
  9 hippogriffs
  A black mamba zombie (Crypt:2)
  5 air elementals
  30 flying skulls
  2 alligator skeletons (Hell)
  A spriggan (shapeshifter) (Depths:1)
  2 ushabtiu (Crypt:3)
  5 water elementals
  A deep troll skeleton (Depths:1)
  4 starcursed masses (Abyss:1)
  11 fire dragon skeletons
  A spriggan zombie (Depths:1)
  10 spriggans
  22 shadows
  87 redbacks
  33 tarantellas
  2 wyverns
  2 ettin skeletons (Crypt:3)
  15 yaks
  4 ynoxinuls
  18 fire elementals
  A yak (shapeshifter) (Vaults:4)
  2 ice dragon skeletons
  19 vampire mosquitoes
  A steam dragon (D:11)
  18 wraiths
  3 basilisks
  A redback (shapeshifter) (Vaults:4)
  4 hogs
  7 chaos spawn
  4 fire bats
  11 golden eyes
  2 neqoxecs (Abyss:2)
  A wind drake skeleton (Crypt:2)
  8 hungry ghosts
  4 spatial vortices
  5 acid dragons
  A swamp worm (shapeshifter) (Vaults:5)
  12 insubstantial wisps
  2 spiny frog zombies
  20 swamp worms
  13 wargs
  A floating eye (shapeshifter) (Depths:1)
  50 hell hounds
  11 porcupines
  12 water moccasins
  An acid dragon (shapeshifter) (Vaults:5)
  A floating eye (Depths:2)
  49 orc warriors
  A spriggan simulacrum (Depths:2)
  10 ice beasts
  4 sky beasts
  38 ogres
  15 swamp drakes
  A water moccasin (shapeshifter) (Vaults:1)
  12 black bears
  9 necrophages
  6 phantoms
  3 snapping turtle zombies
  A spiny frog skeleton (Crypt:2)
  A wolf (shapeshifter) (Vaults:5)
  8 eyes of draining
  The ghost of brujo666 the Bolt Thrower, an amateur MiHu (D:3)
  An ettin simulacrum (Vaults:2)
  11 boggarts
  A boggart (shapeshifter) (Depths:2)
  17 wolves
  8 crocodiles
  18 centaurs
  A snapping turtle skeleton (Crypt:3)
  6 big kobolds
  A manticore skeleton (Geh:1)
  A rime drake skeleton (Crypt:1)
  21 bullfrogs
  A wyvern zombie (D:13)
  4 earth elementals
  2 scorpions
  A wyvern skeleton (D:14)
  A cyclops skeleton (Crypt:1)
  A killer bee (shapeshifter) (Vaults:5)
  5 killer bees (D:9)
  22 wights
  12 electric eels
  15 crimson imps
  5 howler monkeys
  6 centaur zombies
  A bullfrog zombie (D:5)
  4 jellies
  5 quasits
  A bullfrog skeleton (D:5)
  A yaktaur simulacrum (Vaults:1)
  13 hounds
  A human zombie (Geh:2)
  5 centaur skeletons
  42 orc priests
  26 orc wizards
  3 iron imps
  Ijyb (D:2)
  8 iguanas
  2 human skeletons
  12 worker ants
  A killer bee zombie (D:9)
  A tengu skeleton (Crypt:3)
  An ogre skeleton (Crypt:1)
  A crocodile skeleton (Crypt:2)
  A hound skeleton (D:9)
  9 mummies
  A worker ant zombie (D:6)
  A gnoll (D:6)
  15 adders
  An ogre simulacrum (Hell)
  7 shadow imps
  4 white imps
  An ufetubus (Depths:3)
  9 oozes
  An adder skeleton (D:9)
  2 adder zombies
  6 worms
  A dart slug (D:1)
  13 leopard geckos
  129 orcs
  12 ball pythons (Sewer)
  8 giant cockroaches
  25 goblins
  27 hobgoblins
  7 jackals
  17 kobolds
  5 quokkas
  A ball python zombie (Crypt:1)
  4 bats
  14 frilled lizards
  A frilled lizard zombie (Crypt:1)
  A jackal zombie (Crypt:1)
  5 rats
  A fungus (Lair:3)
3143 creatures vanquished.

Vanquished Creatures (collateral kills)
  the Royal Jelly (Slime:5)
  Arachne (Spider:3)
  An acid blob (Slime:5)
  Agnes (D:14)
  An azure jelly (Slime:5)
  Louise (D:15)
  A mummy priest (Crypt:1)
  A dancing weapon (Elf:2)
  4 hell knights
  An unseen horror (D:15)
  The ghost of Kloppie the Basher, a novice GrBe of Trog (D:7)
  A shambling mangrove (Swamp:1)
  A wolf spider (Spider:3)
  An ugly thing (D:15)
  An iron dragon skeleton (Geh:3)
  5 molten gargoyles (Geh:7)
  A rime drake (Lair:6)
  A jumping spider (Spider:3)
  A troll (D:15)
  2 blink frogs (Lair:6)
  A tarantella (Spider:4)
  2 hell hounds (Geh:7)
  A bullfrog (D:15)
  2 wights (D:14)
34 creatures vanquished.

Vanquished Creatures (others)
  2 deep elf master archers (Elf:3)
  A fire giant (Depths:2)
  2 stone giants
  An ironheart preserver (Vaults:2)
  A war gargoyle (Vaults:4)
  2 yaktaur captains (Vaults:5)
  2 centaur warriors
  2 hell hogs
  A deep elf knight (Elf:2)
  A deep elf archer (Vaults:2)
  A wolf spider (Spider:4)
  A deep elf mage (Elf:3)
  A salamander (Depths:1)
  An ugly thing (D:12)
  A manticore (Lair:6)
  A wizard (D:14)
  13 yaktaurs
  A hornet (Vaults:5)
  2 flying skulls
  A shadow (Crypt:1)
  A swamp worm (Swamp:1)
  3 hell hounds
  2 boggarts (Vaults:2)
  8 centaurs
  A small abomination (Abyss:2)
  A vampire bat (Depths:4)
  4 wights
  A quasit (Abyss:2)
  A white imp (Depths:3)
  A ball lightning (Zot:5)
  6 orcs
  3 goblins (D:6)
  2 briar patches (Swamp:4)
  2 fungi
  17 plants
  17 starspawn tentacles
  3 withered plants (Crypt:3)
111 creatures vanquished.

Grand Total: 3288 creatures vanquished

Notes
Turn   | Place    | Note
-------+----------+-------------------------------------------
     0 | D:1      | rabbit the Gargoyle Berserker began the quest for the Orb.
     0 | D:1      | Reached XP level 1. HP: 14/14 MP: 1/1
    67 | D:1      | Found a bloodstained altar of Trog.
    97 | D:1      | Reached XP level 2. HP: 17/19 MP: 2/2
   529 | D:2      | Reached skill level 1 in Shields
   529 | D:2      | Reached XP level 3. HP: 17/24 MP: 3/3
  1282 | D:2      | Noticed Ijyb
  1346 | D:2      | Killed Ijyb
  1346 | D:2      | Reached XP level 4. HP: 28/29 MP: 4/4
  1612 | D:2      | Found a white marble altar of Elyvilon.
  1613 | D:2      | Found an ornate altar of the Wu Jian Council.
  1829 | D:3      | Noticed brujo666's ghost (amateur MiHu)
  1931 | D:3      | Reached ** piety under Trog
  1962 | D:3      | Found a radiant altar of Vehumet.
  1962 | D:3      | Found a burning altar of Makhleb.
  1962 | D:3      | Found an iron altar of Okawaru.
  2038 | D:3      | Found a glowing drain.
  2123 | Sewer    | Entered a sewer
  2219 | Sewer    | Reached XP level 5. HP: 34/34 MP: 5/5
  2938 | Sewer    | Reached XP level 6. HP: 39/40 MP: 6/6
  2942 | Sewer    | Reached skill level 5 in Fighting
  3142 | D:3      | Found a sacrificial altar of Ru.
  3216 | D:3      | Found a stormy altar of Qazlal.
  3340 | D:3      | Found a shadowy altar of Dithmenos.
  3550 | D:3      | Killed brujo666's ghost
  3926 | D:4      | Found Ifra's Gadget Boutique.
  3931 | D:4      | Reached XP level 7. HP: 44/44 MP: 7/7
  3933 | D:4      | Reached skill level 5 in Maces & Flails
  3975 | D:4      | Reached skill level 5 in Shields
  4094 | D:4      | Reached *** piety under Trog
  4100 | D:4      | Found Mawexex's Book Shop.
  4524 | D:4      | Reached XP level 8. HP: 46/51 MP: 8/8
  4621 | D:4      | Found a hazy altar of Hepliaklqana.
  4660 | D:4      | Found Hionemuck's Antique Weapon Shoppe.
  4755 | D:4      | Bought a crude hunting sling for 162 gold pieces
  4755 | D:4      | Identified the +5 hunting sling of Hiexzuisaa {venom, rPois rC+ rN+ SInv} (You bought it in a shop on level 4 of the Dungeon)
  4857 | D:4      | Found a blossoming altar of Fedhas.
  5091 | D:5      | Entered Level 5 of the Dungeon
  5941 | D:6      | Found a staircase to the Ecumenical Temple.
  6167 | D:6      | Reached **** piety under Trog
  6411 | D:6      | Reached XP level 9. HP: 55/57 MP: 9/9
  7390 | D:6      | Reached ***** piety under Trog
  7870 | D:7      | Noticed Kloppie's ghost (novice GrBe)
  8080 | D:7      | Killed Kloppie's ghost
  8080 | D:7      | Reached XP level 10. HP: 66/66 MP: 10/10
  8147 | D:7      | Found a glowing silver altar of Zin.
  8406 | D:7      | Found Qoom's Assorted Antiques.
  8411 | D:7      | Bought a scroll labeled HOBEZA AGEWA for 31 gold pieces
  8411 | D:7      | Bought a scroll labeled LYTALYNNED for 31 gold pieces
  9068 | D:8      | Reached skill level 5 in Armour
  9359 | D:8      | Noticed a two-headed ogre
  9370 | D:8      | Killed a two-headed ogre
  9515 | D:8      | Noticed a two-headed ogre
  9545 | D:8      | Killed a two-headed ogre
  9545 | D:8      | Reached skill level 10 in Fighting
 10336 | D:9      | Reached skill level 10 in Shields
 10347 | D:9      | Reached XP level 11. HP: 72/72 MP: 11/11
 10368 | D:9      | Noticed a two-headed ogre
 10378 | D:9      | Killed a two-headed ogre
 10649 | D:9      | Found a glowing golden altar of the Shining One.
 10818 | D:9      | Noticed a two-headed ogre
 10828 | D:9      | Killed a two-headed ogre
 11034 | D:9      | Found a staircase to the Lair.
 11190 | D:9      | Found an opulent altar of Gozag.
 11280 | D:10     | Entered Level 10 of the Dungeon
 11403 | D:10     | Received a gift from Trog
 11697 | D:11     | Noticed a cyan ugly thing
 11715 | D:11     | Noticed a centaur warrior
 11748 | Lair:1   | Entered Level 1 of the Lair of Beasts
 11904 | Lair:1   | Reached skill level 10 in Maces & Flails
 12795 | Lair:2   | Noticed Gastronok
 12813 | Lair:2   | Killed Gastronok
 12813 | Lair:2   | Reached XP level 12. HP: 47/80 MP: 12/12
 13113 | Lair:2   | Found a staircase to the Swamp.
 13190 | Lair:2   | Noticed a four-headed hydra
 13206 | Lair:2   | Killed a four-headed hydra
 13313 | Lair:2   | Noticed a four-headed hydra
 13321 | Lair:2   | Killed a four-headed hydra
 13614 | Lair:2   | Noticed an ice dragon
 13627 | Lair:2   | Killed an ice dragon
 15168 | Lair:3   | Found a hole to the Spider Nest.
 15389 | Lair:3   | Noticed a seven-headed hydra
 15399 | Lair:3   | Killed a seven-headed hydra
 15421 | Lair:3   | Reached skill level 10 in Armour
 15421 | Lair:3   | Reached XP level 13. HP: 63/87 MP: 13/13
 15707 | Lair:3   | Noticed Fannar
 15723 | Lair:3   | Killed Fannar
 16173 | Lair:4   | Got a pair of bloodstained boots
 16184 | Lair:4   | Identified the +2 pair of boots "Qaenu Duju" {rF+} (You found it on level 4 of the Lair of Beasts)
 16385 | Lair:4   | Received a gift from Trog
 16828 | Lair:4   | Got a steaming gossamer ring
 16852 | Lair:4   | Identified the ring "Tofesaogg" {*Tele rF++ rC- Dex+5} (You found it on level 4 of the Lair of Beasts)
 18337 | Lair:6   | Entered Level 6 of the Lair of Beasts
 18442 | Lair:6   | Found a viscous altar of Jiyva.
 18499 | Lair:6   | Found a staircase to the Slime Pits.
 18541 | Lair:6   | Noticed Kirke
 19224 | Lair:6   | Received a gift from Trog
 19272 | Lair:6   | Gained mutation: Your large and strong wings let you fly indefinitely. [Gargoyle growth]
 19272 | Lair:6   | Reached XP level 14. HP: 95/95 MP: 14/14
 20467 | Lair:6   | Noticed a dire elephant
 20511 | Lair:6   | Killed a dire elephant
 20716 | Lair:6   | Killed Kirke
 20971 | Lair:6   | Noticed a dire elephant
 20994 | Lair:6   | Killed a dire elephant
 21910 | Lair:6   | Reached skill level 15 in Fighting
 22685 | Swamp:1  | Entered Level 1 of the Swamp
 22899 | Swamp:1  | Reached XP level 15. HP: 89/103 MP: 15/15
 23096 | D:7      | Bought a shiny steel ring for 155 gold pieces
 23533 | Swamp:1  | Reached skill level 15 in Shields
 24742 | Swamp:2  | Noticed a thorn hunter
 24760 | Swamp:2  | Killed a thorn hunter
 25302 | Swamp:2  | Noticed Frances
 25484 | Swamp:2  | Killed Frances
 26402 | Swamp:3  | Noticed a thorn hunter
 26419 | Swamp:3  | Killed a thorn hunter
 26569 | Swamp:3  | Noticed a tentacled monstrosity
 26603 | Swamp:3  | Killed a tentacled monstrosity
 26966 | Swamp:4  | Entered Level 4 of the Swamp
 27038 | Swamp:3  | Reached skill level 5 in Dodging
 27402 | Swamp:3  | Reached XP level 16. HP: 112/112 MP: 16/16
 27621 | Swamp:4  | Noticed a thorn hunter
 27646 | Swamp:4  | Killed a thorn hunter
 28427 | Swamp:4  | Noticed a thorn hunter
 28443 | Swamp:4  | Killed a thorn hunter
 28884 | Swamp:4  | Noticed the 27-headed Lernaean hydra
 29450 | Swamp:4  | Got a decaying rune of Zot
 29996 | D:11     | Received a gift from Trog
 30700 | D:12     | Noticed Erolcha
 30712 | D:12     | Killed Erolcha
 31336 | D:12     | Found a roughly hewn altar of Beogh.
 31336 | D:12     | Found a staircase to the Orcish Mines.
 31410 | D:12     | Got a brightly glowing leather armour
 31421 | D:12     | Identified the +2 leather armour of the Skies Above {MR+++ Dex+4} (You took it off an orc on level 12 of the Dungeon)
 31523 | D:12     | Found Zoine's Assorted Antiques.
 31540 | D:12     | Bought a blackened plate armour for 868 gold pieces
 31720 | D:12     | Identified the cursed +1 plate armour of the Several Souls {*Drain rElec rN+ Int+2} (You bought it in a shop on level 12 of the Dungeon)
 31760 | D:12     | Noticed Rupert
 31775 | D:12     | Killed Rupert
 31889 | D:12     | Noticed Urug
 31892 | D:12     | Received a gift from Trog
 31903 | D:12     | Killed Urug
 32542 | D:13     | Reached ****** piety under Trog
 32854 | D:13     | Reached XP level 17. HP: 104/120 MP: 5/17
 33184 | D:13     | Received a gift from Trog
 33470 | D:13     | Reached skill level 15 in Armour
 33492 | D:13     | Found a gate to the Vaults.
 33995 | D:14     | Found Bagup's Magic Scroll Boutique.
 34001 | D:14     | Bought a scroll of teleportation for 42 gold pieces
 34001 | D:14     | Bought a scroll of teleportation for 42 gold pieces
 34001 | D:14     | Bought a scroll of enchant armour for 105 gold pieces
 34565 | D:14     | Noticed Agnes
 34572 | D:14     | Killed Agnes
 34912 | D:14     | Found a bloodstained altar of Trog.
 35107 | D:14     | Found a shadowy altar of Dithmenos.
 35161 | D:15     | Entered Level 15 of the Dungeon
 35612 | D:15     | Noticed Louise
 35641 | D:15     | Killed Louise
 36206 | D:15     | Found a staircase to the Depths.
 36459 | Orc:1    | Entered Level 1 of the Orcish Mines
 36470 | Orc:1    | Noticed Maurice
 36479 | Orc:1    | Killed Maurice
 36698 | D:7      | Bought a scroll of enchant armour for 232 gold pieces
 36859 | Orc:1    | Found Xinaar's Antique Weapon Shop.
 37204 | Orc:2    | Entered Level 2 of the Orcish Mines
 37231 | Orc:1    | Received a gift from Trog
 37244 | Orc:1    | Paralysed by an ogre mage for 3 turns
 38752 | Orc:2    | Found a staircase to the Elven Halls.
 39091 | Orc:2    | Found Coqoc's Distillery.
 39102 | Orc:2    | Found Xecherch's General Store.
 39195 | Orc:2    | Bought a scroll of identify for 24 gold pieces
 39773 | Orc:2    | Received a gift from Trog
 40448 | Orc:2    | Found Rovate's Antique Weapon Emporium.
 40448 | Orc:2    | Found Vodokh's Book Shoppe.
 40449 | Orc:2    | Found a one-way gate leading to the halls of Pandemonium.
 40699 | Spider:1 | Entered Level 1 of the Spider Nest
 40787 | Spider:1 | Reached XP level 18. HP: 129/129 MP: 15/18
 41348 | Spider:1 | Noticed Josephine
 41359 | Spider:1 | Killed Josephine
 41361 | Spider:1 | Received a gift from Trog
 41472 | Spider:1 | Noticed MalkierKing's ghost (adept MiBe)
 41511 | Spider:1 | Killed MalkierKing's ghost
 44199 | Spider:2 | Received a gift from Trog
 45475 | Spider:3 | Noticed Arachne
 45481 | Spider:3 | Killed Arachne
 46158 | Spider:4 | Entered Level 4 of the Spider Nest
 46237 | Spider:4 | Received a gift from Trog
 48129 | Spider:4 | Reached XP level 19. HP: 134/136 MP: 6/19
 48826 | Spider:4 | Got a gossamer rune of Zot
 49138 | D:14     | Bought a scroll of blinking for 105 gold pieces
 49194 | Vaults:1 | Entered Level 1 of the Vaults
 49627 | Vaults:1 | Reached skill level 10 in Dodging
 50339 | Vaults:1 | Received a gift from Trog
 50871 | Vaults:1 | Found Xouchusch's General Store.
 50913 | Vaults:1 | Reached skill level 1 in Spellcasting
 50923 | Vaults:1 | Noticed Aizul
 51014 | Vaults:1 | Killed Aizul
 51759 | Vaults:1 | Reached XP level 20. HP: 131/144 MP: 7/23
 53409 | Vaults:2 | Found Naj Uciun's Assorted Antiques.
 53412 | Vaults:2 | Noticed Xtahua
 54912 | Vaults:2 | Found a staircase to the Crypt.
 54912 | Vaults:2 | Found an ancient bone altar of Kikubaaqudgha.
 54913 | Vaults:2 | Found a basalt altar of Yredelemnul.
 55010 | Vaults:2 | Reached skill level 15 in Maces & Flails
 55339 | Vaults:2 | Got a clouded wooden ring
 55340 | Vaults:2 | Identified the ring "Mik Ykit" {rC+ Dex+2} (You took it off an ogre mage on level 2 of the Vaults)
 55510 | Vaults:2 | Received a gift from Trog
 56728 | Vaults:3 | Reached XP level 21. HP: 146/152 MP: 24/24
 58226 | Vaults:3 | Received a gift from Trog
 58233 | Vaults:3 | Got a crystal longbow {god gift}
 58747 | Vaults:4 | Found Wiloot's Assorted Antiques.
 58766 | Vaults:4 | Bought a scroll of teleportation for 108 gold pieces
 58766 | Vaults:4 | Bought a scroll of teleportation for 108 gold pieces
 58766 | Vaults:4 | Bought a scroll of blinking for 270 gold pieces
 58766 | Vaults:4 | Bought a brightly glowing large shield for 342 gold pieces
 58766 | Vaults:4 | Identified the -2 large shield of the Mind {rPois} (You bought it in a shop on level 4 of the Vaults)
 60004 | Vaults:4 | Received a gift from Trog
 60500 | Elf:1    | Entered Level 1 of the Elven Halls
 60581 | Elf:1    | Found Vyesuun's Magic Scroll Shop.
 60674 | Elf:1    | Bought a scroll of blinking for 97 gold pieces
 61321 | Elf:1    | Reached XP level 22. HP: 161/161 MP: 25/25
 61905 | Elf:1    | Received a gift from Trog
 62231 | Elf:2    | Found an ancient bone altar of Kikubaaqudgha.
 62392 | Elf:2    | Identified a scroll of acquirement
 62463 | Elf:2    | Found a runed gate.
 62463 | Elf:2    | Found a runed gate.
 62463 | Elf:2    | Found a runed gate.
 63559 | Elf:3    | Entered Level 3 of the Elven Halls
 64025 | Elf:3    | Noticed Jorgrun
 64049 | Elf:3    | Killed Jorgrun
 64065 | Elf:3    | Received a gift from Trog
 64280 | Elf:3    | Found Wikaerir's General Store.
 65611 | Elf:3    | Received a gift from Trog
 66146 | Elf:3    | Got a warped flail {flame}
 66146 | Elf:3    | Got brightly glowing acid dragon scales
 66159 | Elf:3    | Identified the +6 acid dragon scales of Too Many Cooks {rN+ MR- rCorr Int+5 Stlth+} (You took it off a deep elf demonologist on level 3 of the Elven Halls)
 66160 | Elf:3    | Identified the cursed +1 flail of Overwhelming Force {flame, rF+ Stlth+} (You took it off a deep elf demonologist on level 3 of the Elven Halls)
 66692 | Elf:3    | Identified Sif Muna's Handbook of Lethal Sinister Magic
 67390 | Depths:1 | Entered Level 1 of the Depths
 67462 | Depths:1 | Reached XP level 23. HP: 168/168 MP: 26/26
 67475 | Depths:1 | Paralysed by a floating eye for 4 turns
 68276 | Depths:1 | Received a gift from Trog
 68460 | Depths:1 | Found a gateway to Hell.
 69547 | Depths:2 | Noticed a golden dragon
 70134 | Depths:2 | Received a gift from Trog
 71137 | Depths:2 | Found a one-way gate to the infinite horrors of the Abyss.
 71443 | Depths:2 | Reached XP level 24. HP: 165/176 MP: 26/26
 71656 | Depths:2 | Received a gift from Trog
 71790 | Depths:3 | Found Giymidd's Food Boutique.
 72080 | Depths:3 | Received a gift from Trog
 72468 | Depths:3 | Identified the Guide on Displacement
 72630 | Depths:3 | Identified the Handbook of the Mountains
 73173 | Depths:3 | Identified the Collected Works on the Escort
 73243 | Depths:3 | Identified Okefian's Compendium of Moulding
 73277 | Depths:3 | Found a portal to a secret trove of treasure.
 73460 | Depths:4 | Noticed Frederick
 73480 | Depths:4 | Killed Frederick
 73480 | Depths:4 | Received a gift from Trog
 73666 | Depths:4 | Found Muolezey's Jewellery Shop.
 73666 | Depths:4 | Found Tobiuhodd's General Store.
 73910 | Depths:4 | Found Hiunuoj's Armour Shop.
 73943 | Depths:4 | Noticed Sojobo
 74234 | Depths:4 | Killed Sojobo
 74652 | Depths:4 | Found a gateway to a ziggurat.
 75555 | Depths:5 | Entered Level 5 of the Depths
 75777 | Depths:5 | Found Cieroladd's Antique Weapon Shop.
 75909 | Depths:5 | Received a gift from Trog
 75959 | Depths:5 | Reached XP level 25. HP: 125/185 MP: 8/26
 76373 | Depths:5 | Found a corrupted altar of Lugonu.
 76963 | Depths:5 | Reached skill level 15 in Dodging
 76970 | Depths:5 | Found a gate to the Realm of Zot.
 77607 | Slime:1  | Entered Level 1 of the Pits of Slime
 77609 | Slime:1  | Gained mutation: Scrolls take you a little longer to read. [a shining eye]
 77851 | Slime:1  | Gained mutation: You tend to lose your temper in combat. [a shining eye]
 77992 | Lair:1   | Lost mutation: Scrolls take you a little longer to read. [potion of mutation]
 77992 | Lair:1   | Gained mutation: Your spells are a little harder to cast, but a little more powerful. [potion of mutation]
 77992 | Lair:1   | Gained mutation: Your body sometimes deteriorates upon taking damage. [potion of mutation]
 77992 | Lair:1   | Gained mutation: Your mind is acute. (Int +2) [potion of mutation]
 77992 | Lair:1   | Gained mutation: You are resistant to hostile enchantments. (MR+) [potion of mutation]
 78677 | Slime:2  | Received a gift from Trog
 79526 | Slime:3  | Reached skill level 27 in Fighting
 79936 | Slime:5  | Entered Level 5 of the Pits of Slime
 80275 | Slime:5  | Received a gift from Trog
 80551 | Slime:5  | Found a viscous altar of Jiyva.
 80637 | Slime:5  | Noticed the Royal Jelly
 81317 | Slime:5  | Killed the Royal Jelly
 82560 | Slime:5  | Found the +8 lance "Wyrmbane" {slay drac, rPois rF+ rC+ AC+3}
 82574 | Slime:5  | Got a slimy rune of Zot
 82629 | Slime:5  | Identified Acevvi's Reference Book on Envenoming and the Volcanoes
 83082 | Lair:1   | Lost mutation: Your body sometimes deteriorates upon taking damage. [potion of mutation]
 83082 | Lair:1   | Lost mutation: Your mind is acute. (Int +2) [potion of mutation]
 83082 | Lair:1   | Lost mutation: You tend to lose your temper in combat. [potion of mutation]
 83082 | Lair:1   | Lost mutation: Your spells are a little harder to cast, but a little more powerful. [potion of mutation]
 83082 | Lair:1   | Gained mutation: Your spells are a little harder to cast, but a little more powerful. [potion of mutation]
 83082 | Lair:1   | Gained mutation: Your mind is acute. (Int +2) [potion of mutation]
 83376 | Crypt:1  | Entered Level 1 of the Crypt
 84016 | Crypt:1  | Noticed a greater mummy
 84017 | Crypt:1  | Noticed Khufu
 84828 | Crypt:1  | Received a gift from Trog
 84852 | Crypt:1  | Reached XP level 26. HP: 190/193 MP: 26/26
 85185 | Crypt:1  | Noticed Jory
 85203 | Crypt:1  | Killed Jory
 85534 | Crypt:1  | Noticed a greater mummy
 85549 | Crypt:1  | Killed a greater mummy
 85727 | Crypt:1  | Killed Khufu
 85748 | Crypt:1  | Killed a greater mummy
 86076 | Crypt:1  | Got a smoking hat
 86085 | Crypt:1  | Got a fine plate armour
 86086 | Crypt:1  | Identified the +2 hat of the Blessed Realm {rPois rF+} (You found it on level 1 of the Crypt)
 86099 | Crypt:1  | Identified the cursed +0 plate armour of Piovon {rF++ Str+2} (You found it on level 1 of the Crypt)
 86108 | Crypt:1  | Got a slimy diamond amulet
 86109 | Crypt:1  | Identified the amulet of Fesauth {RegenMP -Tele rElec MR+ Dex+4} (You found it on level 1 of the Crypt)
 87270 | Crypt:3  | Entered Level 3 of the Crypt
 87472 | Crypt:3  | Received a gift from Trog
 87848 | Crypt:3  | Got a transparent granite ring
 87855 | Crypt:3  | Identified the ring of Attitude {rF+ MR+} (You found it on level 3 of the Crypt)
 87971 | Crypt:3  | Found a staircase to the Tomb.
 88118 | Crypt:3  | Found the +8 longbow "Zephyr" {speed, Dex+3 SInv}
 88149 | Crypt:3  | Identified Kikubaaqudgha's Papyrus of Darkness
 88176 | Crypt:3  | Noticed an ancient lich
 88186 | Crypt:3  | Killed an ancient lich
 88587 | Crypt:3  | Noticed Boris
 88624 | Crypt:3  | Killed Boris
 88805 | Crypt:3  | Found an ancient bone altar of Kikubaaqudgha.
 88934 | Crypt:3  | Received a gift from Trog
 90123 | Zot:1    | Entered Level 1 of the Realm of Zot
 90528 | Zot:1    | Got an encrusted ring mail
 90529 | Zot:1    | Identified the cursed +1 ring mail "Hyerr" {+Inv Dex+6 Slay-4} (You found it on level 1 of the Realm of Zot)
 91807 | Depths:5 | Reached XP level 27. HP: 183/199 MP: 8/26
 93462 | D:7      | Bought a potion of haste for 310 gold pieces
 93462 | D:7      | Bought a scroll of teleportation for 93 gold pieces
 93713 | Vaults:2 | Bought a scroll of teleportation for 120 gold pieces
 93713 | Vaults:2 | Bought an encrusted agate ring for 200 gold pieces
 93979 | Hell     | Entered the Vestibule of Hell
 93979 | Hell     | Noticed Geryon
 94252 | Depths:1 | Received a gift from Trog
 95676 | Hell     | Killed Geryon
 96024 | Hell     | Found a gateway to the ashen valley of Gehenna.
 96516 | Hell     | Found a gateway to the decaying netherworld of Tartarus.
 96578 | Hell     | Received a gift from Trog
 96671 | Hell     | Found a gateway to the freezing wastes of Cocytus.
 96781 | Hell     | Found a gateway to the Iron City of Dis.
 96858 | Geh:1    | Entered Level 1 of Gehenna
 99187 | Geh:1    | Reached skill level 27 in Armour
 99860 | Geh:2    | Received a gift from Trog
100708 | Geh:4    | Gained mutation: You are clumsy. (Dex -2) [mutagenic glow]
102474 | Zot:1    | Received a gift from Trog
105279 | Zot:3    | Received a gift from Trog
105444 | Zot:3    | Noticed an orb of fire
105468 | Zot:3    | Killed an orb of fire
105967 | Zot:4    | Got a faintly glowing flail
105968 | Zot:4    | Identified the +2 flail "Juwap" {freeze, *Slow rN+ Int+5 Dex+2} (You found it on level 4 of the Realm of Zot)
107397 | Zot:5    | Entered Level 5 of the Realm of Zot
107818 | Zot:5    | Received a gift from Trog
108215 | Zot:5    | Noticed an ancient lich
108229 | Zot:5    | Killed an ancient lich
108302 | Zot:5    | Noticed an ancient lich
108326 | Zot:5    | Killed an ancient lich
108334 | Zot:5    | Noticed an ancient lich
108438 | Zot:5    | Noticed an orb of fire
108457 | Zot:5    | Killed an orb of fire
108476 | Zot:5    | Killed an ancient lich
108500 | Zot:5    | Noticed an ancient lich
108514 | Zot:5    | Killed an ancient lich
108850 | Zot:5    | Noticed an ancient lich
108883 | Zot:5    | Killed an ancient lich
108932 | Zot:5    | Noticed an ancient lich
108947 | Zot:5    | Killed an ancient lich
109032 | Zot:5    | Noticed an ancient lich
109048 | Zot:5    | Killed an ancient lich
109053 | Zot:5    | Noticed an orb of fire
109053 | Zot:5    | Gained mutation: You tend to lose your temper in combat. [an orb of fire]
109054 | Zot:5    | Gained mutation: You are very clumsy. (Dex -4) [an orb of fire]
109080 | Zot:5    | Killed an orb of fire
109141 | Zot:5    | Got a pair of heavily runed gloves
109142 | Zot:5    | Identified the +0 pair of gloves "Jionka" {rC+ Str+7 Slay-5} (You found it on level 5 of the Realm of Zot)
109167 | Zot:5    | Noticed an orb of fire
109179 | Zot:5    | Gained mutation: You expend magic power (3 MP) to strengthen your wands. [an orb of fire]
109203 | Zot:5    | Gained mutation: You often lose your temper in combat. [an orb of fire]
109209 | Zot:5    | Gained mutation: Armour fits poorly on your strangely shaped body. [an orb of fire]
109210 | Zot:5    | Killed an orb of fire
109565 | Zot:5    | Lost mutation: Your spells are a little harder to cast, but a little more powerful. [potion of mutation]
109565 | Zot:5    | Lost mutation: You are resistant to hostile enchantments. (MR+) [potion of mutation]
109565 | Zot:5    | Lost mutation: Your mind is acute. (Int +2) [potion of mutation]
109565 | Zot:5    | Gained mutation: You have sharp fingernails. [potion of mutation]
110199 | Elf:2    | Lost mutation: You often lose your temper in combat. [potion of mutation]
110199 | Elf:2    | Lost mutation: Armour fits poorly on your strangely shaped body. [potion of mutation]
110199 | Elf:2    | Gained mutation: Scrolls take you a little longer to read. [potion of mutation]
110199 | Elf:2    | Gained mutation: Your body sometimes deteriorates upon taking damage. [potion of mutation]
110199 | Elf:2    | Gained mutation: Your skin changes colour to match your surroundings (Stealth+). [potion of mutation]
110234 | Elf:2    | Lost mutation: You have sharp fingernails. [potion of mutation]
110234 | Elf:2    | Lost mutation: You tend to lose your temper in combat. [potion of mutation]
110234 | Elf:2    | Lost mutation: You are very clumsy. (Dex -4) [potion of mutation]
110234 | Elf:2    | Gained mutation: Your magical capacity is low. (-10% MP) [potion of mutation]
110234 | Elf:2    | Gained mutation: You are occasionally teleported next to monsters. [potion of mutation]
110234 | Elf:2    | Gained mutation: You are partially covered in large bone plates. (SH +4) [potion of mutation]
110493 | Vaults:3 | Lost mutation: Your magical capacity is low. (-10% MP) [potion of mutation]
110493 | Vaults:3 | Lost mutation: You are clumsy. (Dex -2) [potion of mutation]
110493 | Vaults:3 | Lost mutation: You expend magic power (3 MP) to strengthen your wands. [potion of mutation]
110493 | Vaults:3 | Gained mutation: Your magical capacity is low. (-10% MP) [potion of mutation]
110493 | Vaults:3 | Gained mutation: You are partially covered in molten scales. (AC +2) [potion of mutation]
110565 | Vaults:3 | Lost mutation: You are occasionally teleported next to monsters. [potion of mutation]
110565 | Vaults:3 | Lost mutation: Your magical capacity is low. (-10% MP) [potion of mutation]
110565 | Vaults:3 | Lost mutation: Scrolls take you a little longer to read. [potion of mutation]
110565 | Vaults:3 | Gained mutation: You have supernaturally acute eyesight. (SInv) [potion of mutation]
110565 | Vaults:3 | Gained mutation: You possess an exceptional clarity of mind. [potion of mutation]
110565 | Vaults:3 | Gained mutation: You are resistant to hostile enchantments. (MR+) [potion of mutation]
110565 | Vaults:3 | Gained mutation: Your mind is acute. (Int +2) [potion of mutation]
110638 | Vaults:2 | Killed Xtahua
111543 | Vaults:5 | Entered Level 5 of the Vaults
111571 | Vaults:5 | Received a gift from Trog
111973 | Vaults:4 | Received a gift from Trog
113664 | Vaults:5 | Found Genoge's Armour Boutique.
113695 | Vaults:5 | Got a silver rune of Zot
113910 | Vaults:5 | Received a gift from Trog
113965 | Vaults:5 | Got a slimy hunting sling
113966 | Vaults:5 | Identified the +5 hunting sling of Zathropa {velocity, rPois Str+7} (You took it off a vault warden on level 5 of the Vaults)
114239 | Vaults:5 | Found the +7 great mace "Undeadhunter" {disrupt, rN+}
114557 | Vaults:5 | Got a scintillating silver ring
114974 | Vaults:5 | Got a glittering amber ring
115060 | Vaults:5 | Identified the ring of Arrival {Wiz rN+ Str+2} (You took it off a vault warden on level 5 of the Vaults)
115061 | Vaults:5 | Identified the ring of Xom's Wrath {Wiz MR+ Int+3} (You took it off a yaktaur captain on level 5 of the Vaults)
115073 | Vaults:5 | Got a citrine-encrusted plate armour
115074 | Vaults:5 | Identified the +1 plate armour of the Pleiades {rElec Int-3 Stlth+} (You took it off a vault guard on level 5 of the Vaults)
115109 | Vaults:5 | Got a pair of twisted gloves
115110 | Vaults:5 | Identified the -5 pair of gloves "Diyjasch" {+Fly rElec MR- Int+3} (You found it on level 5 of the Vaults)
115567 | Depths:2 | Voluntarily entered the Abyss.
115568 | Abyss:1  | Found a corrupted altar of Lugonu.
115880 | Abyss:1  | Got a brightly glowing mace
115881 | Abyss:1  | Identified the +6 mace of Ohiohaim {freeze, rF+ rC+ Str+2} (You found it on level 1 of the Abyss)
115928 | Abyss:2  | Found a corrupted altar of Lugonu.
115965 | Abyss:2  | Received a gift from Trog
116611 | Depths:2 | Escaped the Abyss
117010 | Geh:7    | Entered Level 7 of Gehenna
117931 | Zot:5    | Got the Orb of Zot
117940 | Zot:5    | Noticed Isuenkaq the pandemonium lord
118224 | Depths:4 | Noticed Jaots the pandemonium lord
118448 | D:8      | Noticed Huikh the pandemonium lord
118629 | D:$      | Escaped with the Orb!

Skill      XL: |  1  2  3  4  5  6  7  8  9 10 11 12 13 14 15 16 17 18 19 20 21 22 23 24 25 26 27 |
---------------+----------------------------------------------------------------------------------+-----
Shields        | 1 2 3 4 5 7 8 10 11 12 13 14 15 21 | 21.5
Fighting       | 4 5 6 7 9 10 11 12 13 15 17 18 19 20 21 22 23 24 25 26 27 | 27.0
Maces & Flails | 4 5 6 8 9 10 11 12 13 14 15 16 18 23 | 23.9
Armour         | 3 6 8 10 11 12 13 14 15 16 17 18 19 20 22 23 24 25 27 | 27.0
Dodging        | 2 3 5 7 8 9 10 11 13 14 15 16 20 | 20.9
Spellcasting   | 2 |  2.2

Action                   |  1- 3 |  4- 6 |  7- 9 | 10-12 | 13-15 | 16-18 | 19-21 | 22-24 | 25-27 || total
-------------------------+-------+-------+-------+-------+-------+-------+-------+-------+-------++-------
Melee: Mace              |    57 |       |       |       |       |       |       |       |       ||    57
       Whip              |    65 |   290 |   277 |   364 |  1134 |   483 |       |       |       ||  2613
       Unarmed           |       |       |       |       |     1 |       |       |       |       ||     1
       Eveningstar       |       |       |       |       |       |  1833 |  1173 |   781 |  3558 ||  7345
       Demon whip        |       |       |       |       |       |   112 |  1013 |  1484 |  2462 ||  5071
       Hunting sling     |       |       |       |       |       |       |     2 |       |     2 ||     4
 Fire: Hunting sling     |       |       |   113 |   337 |   469 |   145 |    23 |    46 |   126 ||  1259
Throw: Tomahawk          |       |       |     4 |       |       |       |       |       |       ||     4
Invok: Trog's Hand       |       |     2 |       |       |     9 |     8 |    13 |    10 |    12 ||    54
       Berserk           |       |     1 |       |       |     5 |       |       |       |     1 ||     7
       Burn Spellbooks   |       |       |     2 |     2 |     1 |     7 |     2 |     9 |     7 ||    30
       Brothers in Arms  |       |       |     1 |     1 |     5 |     3 |     6 |     1 |    11 ||    28
 Abil: Fly               |       |       |       |       |     1 |       |       |       |     1 ||     2
       Stop Flying       |       |       |       |       |       |       |       |     1 |       ||     1
Evoke: Wand              |       |       |     5 |    19 |    22 |       |     4 |       |     8 ||    58
  Use: Scroll            |       |    11 |    12 |    12 |    13 |    23 |     9 |    14 |    42 ||   136
       Potion            |       |       |       |       |       |     1 |     1 |       |    26 ||    28
 Stab: Distracted        |       |       |       |       |       |       |       |       |     2 ||     2
       Sleeping          |       |       |       |       |       |       |       |       |     1 ||     1
  Eat: Chunk             |       |    12 |    14 |    20 |    22 |    43 |    38 |    28 |    33 ||   210
       Ration            |       |       |       |     1 |     8 |     8 |     4 |     7 |    35 ||    63
Armor: Animal skin       |    22 |       |       |       |       |       |       |       |       ||    22
       Ring mail         |    20 |       |       |       |       |       |       |       |       ||    20
       Scale mail        |       |   123 |    77 |    10 |       |       |       |       |       ||   210
       Plate armour      |       |       |       |   117 |   521 |  1073 |   736 |   653 |  1808 ||  4908
       Gold dragon scale |       |       |       |       |       |       |       |       |   658 ||   658
       Shadow dragon sca |       |       |       |       |       |       |       |       |   247 ||   247
Dodge: Dodged            |    31 |    95 |    68 |   109 |   369 |  1003 |   628 |   407 |  2404 ||  5114
Block: Shield            |    53 |   146 |   160 |   418 |  1167 |  2656 |  1888 |  1748 |  6873 || 15109
       Reflection        |       |       |    16 |     5 |     8 |    92 |   112 |   111 |   135 ||   479
